 Dungeon Crawl Stone Soup version 0.26.1-11-gd32895ea62 (webtiles) character file.

Game seed: 8227623444870810107

404 Ijustatesigmund the Cudgeller (level 6, 0/45 HPs)
             Began as an Octopode Fighter on July 15, 2021.
             Was an Initiate of Cheibriados.
             Killed from afar by an orc wizard (4 damage)
             ... with a magic dart
             ... on level 4 of the Dungeon.
             The game lasted 00:06:57 (4011 turns).

Ijustatesigmund the Cudgeller (Octopode Fighter)    Turns: 4011, Time: 00:06:57

Health: 0/45       AC:  8    Str: 16    XL:     6   Next: 86%
Magic:  7/7        EV: 12    Int: 12    God:    Cheibriados [......]
Gold:   193        SH: 10    Dex: 16    Spells: 5/5 levels left

rFire    . . .     SeeInvis .   a - +1 morningstar (protect)
rCold    + + .     Faith    .   b - +1 kite shield
rNeg     . . .     Spirit   .   (helmet restricted)
rPois    .         Reflect  .   (no amulet)
rElec    .         Harm     .   l - ring of resist corrosion
rCorr    +         Rampage  .   e - ring of protection from cold
Will     .....                  c - ring of protection from cold
Stlth    ++........             (no ring)
HPRegen  0.15/turn              (no ring)
MPRegen  0.10/turn              (no ring)
                                (no ring)
                                (no ring)

@: brilliant, protection aura, very slow
A: almost no armour, stealthy swim, amphibious, 8 rings, constrict 8, camouflage
1, agile 1, sense surroundings 1, screaming 1, gelatinous body 1
a: Renounce Religion, Bend Time


You were on level 4 of the Dungeon.
You worshipped Cheibriados.
Cheibriados was noncommittal.
You visited 2 branches of the dungeon, and saw 5 of its levels.

You collected 193 gold pieces.

Inventory:

Hand Weapons
 a - a +1 morningstar of protection (weapon)
 k - a +1 flail
Armour
 b - a +1 kite shield (worn)
Jewellery
 c - a ring of protection from cold (on tentacle)
 e - a ring of protection from cold (right tentacle)
 l - a ring of resist corrosion (left tentacle)
Scrolls
 d - a scroll of enchant armour
 j - 3 scrolls of remove curse
 m - 4 scrolls of amnesia
Potions
 g - 5 potions of flight
 i - a potion of brilliance


   Skills:
 + Level 5.0 Fighting
 + Level 5.2 Maces & Flails
 - Level 3.0 Dodging
 - Level 3.0 Shields
 + Level 2.3 Invocations


You had 5 spell levels left.
You didn't know any spells.
Your spell library was empty.

Dungeon Overview and Level Annotations

Branches:
Dungeon (4/15)             Temple (1/1) D:4

Altars:
Ashenzari
Cheibriados
Fedhas
Nemelex Xobeh
Okawaru
Qazlal
Ru
Sif Muna
Uskayaw
Vehumet
Wu Jian
Xom
Yredelemnul
Zin
The Shining One

Shops:
D:4 :


Innate Abilities, Weirdness & Mutations

You cannot wear most types of armour.
You are very stealthy in the water. (Stealth+)
You are amphibious.
You can wear up to eight rings at the same time.
You can use your tentacles to constrict eight enemies at once.
Your skin changes colour to match your surroundings (Stealth+).
Your rubbery body absorbs attacks. (AC +1, EV +1)
You are agile. (Dex +2)
You passively map a small area around you.
You occasionally shout uncontrollably at your foes.


Message History

You hit the orc wizard.
Your weapon exudes an aura of protection.
Your grab misses the orc wizard. Your squeeze misses the orc wizard.
The orc wizard is moderately wounded.
The orc wizard casts a spell at you. You resist with some effort.
Something hits you but does no damage. You block the quokka's attack.
You block the orc priest's attack.
The quokka bites you but does no damage.
The orc wizard hits you but does no damage.
Something hits you.
* * * LOW HITPOINT WARNING * * *
You barely miss the orc priest. You grab the orc priest.
You constrict the orc priest, but do no damage.
The quokka completely misses you.
The orc priest hits you but does no damage.
You block the orc wizard's attack.
You hear some strange, mumbled words.
A magic dart appears from out of thin air!
The magic dart hits you.
You die...

##### * ########## ....##
, ,, .......... ###..#***
* ,......... ##.#
......... #.#
#####+........ , #.##
#....+........ * *
####..#####.####o.......
,
...............ro{......+
#####.#####.##.#@oo.....*
#.#####.##.#########
#####..#....##.#
.....#.#.#####+###
####.#.#.#.......#
#.#...#.......#
#.##..#.......#
####.##..#.......#
.....###.#.......#


You could see 2 orc priests, an orc wizard, an orc and a quokka.

Vanquished Creatures
  A phantom (D:4)
  A bullfrog skeleton (D:4)
  An orc wizard (D:4)
  A hound (D:4)
  An iguana (D:4)
  Jessica (D:2)
  6 adders
  3 oozes
  A worm (D:2)
  3 dart slugs (D:2)
  3 leopard geckos
  7 orcs
  7 bats
  2 giant cockroaches (D:2)
  3 goblins
  9 hobgoblins
  14 jackals
  7 kobolds
  3 ball pythons
  9 frilled lizards
  17 rats
100 creatures vanquished.

Vanquished Creatures (others)
  2 plants (D:2)
2 creatures vanquished.

Grand Total: 102 creatures vanquished

Notes
Turn   | Place    | Note
-------+----------+-------------------------------------------
     0 | D:1      | Ijustatesigmund the Octopode Fighter began the quest for
                  | the Orb.
     0 | D:1      | Reached XP level 1. HP: 16/16 MP: 1/1
   403 | D:1      | Reached XP level 2. HP: 20/21 MP: 2/2
   917 | D:1      | Reached XP level 3. HP: 23/26 MP: 3/3
  1356 | D:2      | Found a blossoming altar of Fedhas.
  1358 | D:2      | Noticed Jessica
  1363 | D:2      | Killed Jessica
  1364 | D:2      | Reached XP level 4. HP: 27/33 MP: 4/4
  1880 | D:2      | Reached XP level 5. HP: 35/37 MP: 5/5
  1948 | D:2      | Gained mutation: You occasionally shout uncontrollably at
                  | your foes. [potion of mutation]
  1948 | D:2      | Gained mutation: You are agile. (Dex +2) [potion of
                  | mutation]
  1948 | D:2      | Gained mutation: You passively map a small area around you.
                  | [potion of mutation]
  2622 | D:3      | Found a hide-covered altar of Uskayaw.
  2626 | D:3      | Noticed a +0 hand axe
  2626 | D:3      | Noticed a +0 hand axe
  2709 | D:3      | Found a sacrificial altar of Ru.
  3306 | D:4      | Found Ysoly's Book Shop.
  3307 | D:4      | Found a staircase to the Ecumenical Temple.
  3319 | Temple   | Entered the Ecumenical Temple
  3370 | Temple   | Became a worshipper of Cheibriados the Contemplative
  3416 | D:4      | Noticed a phantom
  3429 | D:4      | Reached skill level 1 in Invocations
  3429 | D:4      | Reached XP level 6. HP: 13/44 MP: 6/6
  3434 | D:4      | Killed a phantom
  3435 | D:4      | Reached skill level 5 in Maces & Flails
  3663 | D:4      | Reached skill level 5 in Fighting
  4011 | D:4      | Killed from afar by an orc wizard

Illustrated notes

Levels and vault maps discovered:
D:1:      matt_arrival_diagonals, layout_loops_ring, hangedman_decor_riveting,
          kennysheep_pointless_box
D:2:      layout_loops_ring, serial_bayou_pond_b, fedhas_altar_fruit_tree,
          uniq_jessica
D:3:      layout_basic, nicolae_ru_sacrificial_ziggurat, dancing_weapons_uskayaw
D:4:      layout_basic, lemuel_round_altar, temple_statues, serial_shops,
          nicolae_shop_statue_plus
Temple:   nicolae_temple_hex_pool

Skill      XL: |  1  2  3  4  5  6 |
---------------+-------------------+-----
Maces & Flails | 3 4 5 |  5.2
Fighting       | 4 5 |  5.0
Invocations    | 1 2 |  2.3
Dodging        | |  3.0
Shields        | |  3.0

Action                   |  1- 3 |  4- 6 || total
-------------------------+-------+-------++-------
Melee: Flail             |    68 |    65 ||   133
       Constrict         |    17 |    29 ||    46
       Tentacles         |     9 |    23 ||    32
       Morningstar       |       |    59 ||    59
  Use: Scroll            |       |    11 ||    11
       Potion            |       |     6 ||     6
 Stab: Sleeping          |     7 |     4 ||    11
       Distracted        |     1 |       ||     1
Armor: Skin              |     3 |    23 ||    26
Dodge: Dodged            |    25 |    73 ||    98
Block: Kite shield       |    27 |    87 ||   114
